 Dungeon Crawl Stone Soup version 0.22-a0-280-g69bf1f3 (webtiles) character file.

7058 galech the Grappler (level 10, -6/106 HPs)
             Began as a Troll Monk on Mar 16, 2018.
             Was a High Priest of Okawaru.
             Mangled by a two-headed ogre
             ... wielding a +0 giant spiked club
              (23 damage)
             ... on level 8 of the Dungeon.
             The game lasted 00:14:44 (7489 turns).

galech the Grappler (Troll Monk)                    Turns: 7489, Time: 00:14:45

Health: -6/106     AC:  6    Str: 27    XL:     10   Next: 83%
Magic:  9/9        EV: 14    Int:  6    God:    Okawaru [*****.]
Gold:   642        SH:  0    Dex: 12    Spells: 9/9 levels left

rFire    . . .     SeeInvis .     - Unarmed
rCold    . . .     Gourm    +   (no shield)
rNeg     . . .     Faith    .   o - +1 robe {MR+}
rPois    .         Spirit   .   (helmet restricted)
rElec    .         Reflect  .   (no cloak)
rCorr    .         Harm     .   (gloves unavailable)
MR       +....                  (boots unavailable)
Stlth    ++........             (no amulet)
HPRegen  0.67/turn              n - +4 ring of slaying
MPRegen  0.11/turn              t - +3 ring of strength

@: no status effects
A: large, unfitting armour, claws 3, fast metabolism 3, gourmand, regeneration
1, shaggy fur 1, tough skin 2
a: Heroism, Finesse, Renounce Religion


You were on level 8 of the Dungeon.
You worshipped Okawaru.
Okawaru was extremely pleased with you.
You were completely stuffed.

You visited 2 branches of the dungeon, and saw 9 of its levels.

You collected 642 gold pieces.

Inventory:

Armour
 o - a +1 robe of magic resistance (worn)
Jewellery
 d - an uncursed ring of see invisible
 n - a +4 ring of slaying (left claw)
 t - a +3 ring of strength (right claw)
 y - an uncursed ring of positive energy
Wands
 j - a wand of disintegration (10)
 p - a wand of polymorph (17)
 r - a wand of random effects (24)
 u - a wand of enslavement (20)
Scrolls
 c - 3 scrolls of remove curse
 e - 3 scrolls of amnesia
 f - a scroll of vulnerability {unknown}
 g - 3 scrolls of fog
 l - 3 scrolls of teleportation
 m - a scroll of blinking
 s - 2 scrolls of fear
 v - 2 scrolls of magic mapping
 w - 2 scrolls of noise
 A - 3 scrolls of immolation
 E - a scroll of enchant armour {unknown}
Potions
 a - 2 potions of resistance {unknown}
 h - 2 potions of magic {unknown}
 i - 2 potions of degeneration {unknown}
 k - 3 potions of heal wounds {unknown}
 q - 2 potions of lignification {unknown}
 x - a potion of mutation {unknown}
 z - 2 potions of curing
 B - a potion of haste {unknown}
 C - a potion of brilliance {unknown}
Comestibles
 b - 24 rations
 D - 6 chunks of flesh


   Skills:
 + Level 8.4 Fighting
 + Level 8.5 Dodging
 - Level 1.1 Stealth
 + Level 10.2 Unarmed Combat


You had 9 spell levels left.
You didn't know any spells.

Dungeon Overview and Level Annotations

Branches:
Dungeon (8/15)             Temple (1/1) D:6            Lair (0/6) D:8

Altars:
Ashenzari
Elyvilon
Kikubaaqudgha
Okawaru
Ru
Uskayaw
Wu Jian
Zin
The Shining One

Shops:
D:6 :   D:7 [(}


Innate Abilities, Weirdness & Mutations

You are too large for most types of armour.
You have claws for hands.
Your metabolism is lightning-fast.
You like to eat raw meat.
Your natural rate of healing is unusually fast.
You are covered in fur. (AC +1)
You have very tough skin. (AC +2)


Message History

The two-headed ogre misses you.
The two-headed ogre hits you with a giant club.
You barely miss the two-headed ogre.
The two-headed ogre hits you with a giant spiked club!
The two-headed ogre hits you but does no damage.
You mangle the two-headed ogre!!
The two-headed ogre is heavily wounded.
You claw the two-headed ogre!
The two-headed ogre is almost dead.
The two-headed ogre hits you with a giant spiked club!!
The two-headed ogre hits you with a giant club!!
You are too injured to fight recklessly!
You are too injured to fight recklessly!
You are too injured to fight recklessly!
You barely miss the two-headed ogre.
The two-headed ogre is almost dead.
The two-headed ogre hits you with a giant spiked club!
* * * LOW HITPOINT WARNING * * *
The two-headed ogre hits you with a giant club!!
You die...

#........#
##........#
#.........#
#........(#
#......>..+
#.........#
#.....O...# #.#
#...†@....# #..
#..?..[...#
####.#
#|..(.....#
#....##
#.........#
#......
#.?.......#
####......
#.....$...+
......._.)
#......)..#
.##.....
#.........#
#.....
#.........####.
###...


You could see a two-headed ogre.

Vanquished Creatures
  A two-headed ogre (D:7)
  Pikel (D:7)
  Joseph (D:7)
  Prince Ribbit (D:7)
  Sigmund (D:3)
  A wraith (D:7)
  Eustachio (D:5)
  4 yaks
  3 hogs (D:7)
  A human (D:7)
  Duvessa (D:6)
  2 orc warriors
  A sky beast (D:5)
  3 ogres
  5 centaurs
  A crocodile (D:8)
  3 big kobolds (D:6)
  An elf zombie (D:7)
  4 bullfrogs
  The ghost of ThereIsNoGod the Stinger, an amateur SpVM (D:5)
  Dowan (D:6)
  A wyvern zombie (D:6)
  A scorpion (D:4)
  6 wights
  5 electric eels (D:6)
  A howler monkey (D:6)
  2 crimson imps
  4 hounds
  6 human zombies (D:7)
  A gnoll shaman (D:8)
  A jelly (D:5)
  A centaur skeleton (D:6)
  5 orc wizards
  4 orc priests
  Jessica (D:3)
  3 iguanas
  A human skeleton (D:7)
  Natasha (thrice) (D:3)
  8 worker ants
  A mummy (D:7)
  The ghost of ThereIsNoGod the Stinger, a weakling SpVM (D:4)
  10 gnolls
  4 adders
  A howler monkey skeleton (D:4)
  3 shadow imps (D:6)
  3 adder skeletons
  A worm (D:4)
  2 dart slugs (D:1)
  7 leopard geckos
  23 orcs
  A ball python (D:2)
  4 giant cockroaches
  34 goblins
  26 hobgoblins
  7 jackals
  4 quokkas
  9 bats
  9 frilled lizards
  9 kobolds
  A leopard gecko zombie (D:7)
  An orc zombie (D:7)
  8 rats
261 creatures vanquished.

Vanquished Creatures (others)
  A goblin (D:6)
1 creature vanquished.

Grand Total: 262 creatures vanquished

Notes
Turn   | Place    | Note
-------+----------+-------------------------------------------
     0 | D:1      | galech the Troll Monk began the quest for the Orb.
     0 | D:1      | Reached XP level 1. HP: 22/22 MP: 0/0
   210 | D:1      | Reached XP level 2. HP: 29/29 MP: 1/1
   711 | D:2      | Reached XP level 3. HP: 34/36 MP: 2/2
   903 | D:2      | Reached XP level 4. HP: 41/44 MP: 3/3
  1306 | D:3      | Reached skill level 4 in Unarmed Combat
  1484 | D:3      | Noticed Jessica
  1486 | D:3      | Noticed Sigmund
  1489 | D:3      | Killed Jessica
  1538 | D:3      | Killed Sigmund
  1538 | D:3      | Reached XP level 5. HP: 8/53 MP: 4/4
  1538 | D:3      | Reached XP level 6. HP: 9/61 MP: 5/5
  1811 | D:3      | Noticed Natasha
  1817 | D:3      | Killed Natasha
  1817 | D:3      | Reached skill level 5 in Unarmed Combat
  1822 | D:3      | Noticed Natasha
  1827 | D:3      | Killed Natasha
  1949 | D:3      | Noticed Natasha
  1958 | D:3      | Killed Natasha
  2047 | D:4      | Noticed ThereIsNoGod's ghost (weakling SpVM)
  2052 | D:4      | Killed ThereIsNoGod's ghost
  2358 | D:4      | Found an ancient bone altar of Kikubaaqudgha.
  2360 | D:4      | Found a hide-covered altar of Uskayaw.
  2481 | D:4      | Reached XP level 7. HP: 40/70 MP: 6/6
  2570 | D:4      | Found a shattered altar of Ashenzari.
  3080 | D:5      | Entered Level 5 of the Dungeon
  3080 | D:5      | Found a glowing golden altar of the Shining One.
  3170 | D:5      | Noticed Eustachio
  3199 | D:5      | Killed Eustachio
  3199 | D:5      | Reached skill level 6 in Unarmed Combat
  3482 | D:5      | Reached skill level 5 in Dodging
  3482 | D:5      | Reached XP level 8. HP: 67/79 MP: 7/7
  3485 | D:5      | Reached skill level 5 in Fighting
  3634 | D:5      | Found a sacrificial altar of Ru.
  3703 | D:5      | Noticed ThereIsNoGod's ghost (amateur SpVM)
  3710 | D:5      | Killed ThereIsNoGod's ghost
  4389 | D:6      | Noticed Duvessa
  4390 | D:6      | Found Jogutoa's Book Shoppe.
  4398 | D:6      | Noticed Dowan
  4405 | D:6      | Killed Duvessa
  4417 | D:6      | Killed Dowan
  4417 | D:6      | Reached skill level 7 in Unarmed Combat
  4462 | D:6      | Found a staircase to the Ecumenical Temple.
  4493 | Temple   | Entered the Ecumenical Temple
  4514 | Temple   | Became a worshipper of Warmaster Okawaru
  4514 | Temple   | Reached * piety under Okawaru
  4514 | Temple   | Reached ** piety under Okawaru
  4890 | D:6      | Reached XP level 9. HP: 89/89 MP: 8/8
  5375 | D:6      | Reached skill level 8 in Unarmed Combat
  5432 | D:6      | Reached *** piety under Okawaru
  5969 | D:7      | Found Lotziunk's Gadget Boutique.
  6042 | D:7      | Noticed Pikel
  6051 | D:7      | Killed Pikel
  6051 | D:7      | Reached **** piety under Okawaru
  6075 | D:7      | Reached skill level 9 in Unarmed Combat
  6080 | D:7      | Noticed Joseph
  6093 | D:7      | Killed Joseph
  6093 | D:7      | Reached XP level 10. HP: 47/102 MP: 9/9
  6179 | D:7      | Found Jawo's Antique Weapon Boutique.
  6179 | D:7      | Noticed Prince Ribbit
  6186 | D:7      | Killed Prince Ribbit
  6406 | D:7      | Found Alint's Armour Shoppe.
  6515 | D:7      | Noticed a two-headed ogre
  6564 | D:7      | Killed a two-headed ogre
  6767 | D:7      | Reached ***** piety under Okawaru
  6969 | D:7      | Found an ancient bone altar of Kikubaaqudgha.
  7031 | D:7      | Reached skill level 10 in Unarmed Combat
  7378 | D:8      | Found a staircase to the Lair.
  7438 | D:8      | Found a glowing silver altar of Zin.
  7480 | D:8      | Noticed a two-headed ogre
  7489 | D:8      | Mangled by a two-headed ogre

Vault maps used:
D:1:      dpeg_arrival_snail
D:2:      dk_vineyard_1
D:3:      uniq_jessica, uniq_sigmund, uniq_natasha
D:4:      nicolae_overflow_hidden_temple, ashenzari_conservatory_becter,
          first_ration
D:5:      nicolae_ru_path_of_blood, basic_altar, uniq_eustachio
D:6:      minmay_goblin_kobold_castle, minmay_temple_entry_glass, serial_shops,
          shop, uniq_duvessa
D:7:      serial_shops, shop, shop, nicolae_shop_crystal, grunt_livestock,
          lemuel_mausoleum_altar_kikubaaqudgha, uniq_prince_ribbit1, uniq_pikel,
          uniq_joseph
D:8:      nicolae_overflow_crystal_walls, lair_entry_dummy
Temple:   minmay_crystal_spiral_temple

Skill      XL: |  1  2  3  4  5  6  7  8  9 10 |
---------------+-------------------------------+-----
Dodging        | 3 4 5 6 7 8 |  8.5
Unarmed Combat | 4 5 6 7 9 10 | 10.2
Fighting       | 3 4 6 7 8 |  8.4
Stealth        | |  1.1

Action                   |  1- 3 |  4- 6 |  7- 9 | 10-12 || total
-------------------------+-------+-------+-------+-------++-------
Melee: Unarmed           |    83 |   162 |   409 |   114 ||   768
       Punch             |     1 |     2 |    14 |     8 ||    25
Invok: Heroism           |       |       |     1 |     1 ||     2
  Use: Scroll            |       |     1 |     1 |     8 ||    10
       Potion            |       |       |     2 |       ||     2
 Stab: Sleeping          |     1 |     4 |     3 |     3 ||    11
       Distracted        |       |       |     1 |       ||     1
  Eat: Chunk             |    14 |    13 |    35 |    12 ||    74
Armor: Robe              |    31 |    56 |   100 |    13 ||   200
Dodge: Dodged            |    53 |    98 |   245 |    45 ||   441

Table legend:
 A = Spawn XP
 B = Non-spawn XP
 C = Spawn XP percentage of total XP
 D = Spawn monster count
 E = Non-spawn monster count
 F = Spawn count percentage of total count
 G = Total turns spent on level
                    A         B        C        D         E        F      G
               +---------+---------+-------+---------+---------+-------+---------
         Total |       0 |   10084 |   0.0 |       0 |     261 |   0.0 |  7489
               +---------+---------+-------+---------+---------+-------+---------
           D:1 |       0 |      26 |   0.0 |       0 |      15 |   0.0 |   589
           D:2 |       0 |      83 |   0.0 |       0 |      24 |   0.0 |   714
           D:3 |       0 |     491 |   0.0 |       0 |      26 |   0.0 |   705
           D:4 |       0 |     391 |   0.0 |       0 |      20 |   0.0 |  1072
           D:5 |       0 |     748 |   0.0 |       0 |      23 |   0.0 |  1257
           D:6 |       0 |    2699 |   0.0 |       0 |     109 |   0.0 |  1589
           D:7 |       0 |    4583 |   0.0 |       0 |      31 |   0.0 |  1273
           D:8 |       0 |    1063 |   0.0 |       0 |      13 |   0.0 |   247
               +---------+---------+-------+---------+---------+-------+---------
